 Dungeon Crawl Stone Soup version 0.23.0 (webtiles) character file.

Game seed: 16824506270529362800

212 mitkoXXVII the Digger (level 6, 0/47 HPs)
             Began as a Formicid Earth Elementalist on Feb 11, 2019.
             Succumbed to an orc's poison
             ... on level 3 of the Dungeon.
             The game lasted 00:12:00 (3488 turns).

mitkoXXVII the Digger (Formicid Earth Elementalist) Turns: 3488, Time: 00:12:01

Health: 0/47       AC:  5    Str: 17    XL:     6   Next: 13%
Magic:  5/10       EV: 12    Int: 17    God:
Gold:   164        SH:  0    Dex: 11    Spells: 5/11 levels left

rFire    . . .     SeeInvis +   o - +0 trident
rCold    . . .     Gourm    .   (no shield)
rNeg     . . .     Faith    .   f - +0 robe (curse)
rPois    .         Spirit   .   (helmet unavailable)
rElec    .         Reflect  .   p - +0 cloak
rCorr    .         Harm     .   l - +0 pair of gloves
MR       +....                  h - +0 pair of boots
Stlth    ++........             (no amulet)
HPRegen  0.15/turn              (no ring)
MPRegen  0.12/turn              (no ring)

@: mighty, lethally poisoned (0 -> -6), very slightly contaminated, invisible
A: permanent stasis, dig shafts and tunnels, four strong arms, antennae 3, magic
resistance 1
a: Dig, Shaft Self


You were on level 3 of the Dungeon.
You were not hungry.

You visited 1 branch of the dungeon, and saw 3 of its levels.

You collected 164 gold pieces.

Inventory:

Hand Weapons
 a - a +0 short sword of speed
 i - a +0 hunting sling
 o - a +0 trident (weapon)
Missiles
 b - 138 stones (quivered)
Armour
 f - a cursed +0 robe (worn)
 h - a +0 pair of boots (worn)
 l - a +0 pair of gloves (worn)
 p - a +0 cloak (worn)
Scrolls
 e - a scroll of remove curse {unknown}
 m - a scroll of teleportation {unknown}
 q - a scroll of enchant weapon {unknown}
Comestibles
 c - 3 chunks of flesh
 d - 5 rations


   Skills:
 + Level 3.2 Fighting
 - Level 1.9 Short Blades
   Level 0.6 Maces & Flails
 - Level 1.7 Dodging
 - Level 2.4 Stealth
 - Level 0.8 Unarmed Combat
 + Level 3.1 Spellcasting
 - Level 1.1 Transmutations
 + Level 4.9 Earth Magic


You had 5 spell levels left.
You knew the following spells:

 Your Spells              Type           Power        Failure   Level  Hunger
a - Sandblast             Erth           ###...       2%          1    None
b - Passwall              Tmut/Erth      ##......     8%          2    ##.....
c - Stone Arrow           Conj/Erth      ##....       19%         3    ###....

Your spell library contained the following spells:

 Spells                   Type           Power        Failure   Level  Hunger
 Petrify                  Tmut/Erth      ##......     45%         4    ####...
 Lee's Rapid Deconstruct  Erth           ###.......   52%         5    ######.


Dungeon Overview and Level Annotations

Branches:
Dungeon (3/15)

Altars:
Fedhas


Innate Abilities, Weirdness & Mutations

You cannot be hasted, slowed, berserked, paralysed or teleported.
You can dig through walls and to a lower floor.
Your four strong arms can wield two-handed weapons with a shield.
You have a pair of large antennae on your head. (SInv)
You are resistant to hostile enchantments. (MR+)


Message History

b - 138 stones
* * * LOW HITPOINT WARNING * * *
You feel sick.
It was a potion of might.
You feel very mighty all of a sudden.
* * * LOW HITPOINT WARNING * * *
You feel sick.
Casting: Sandblast (safe; 2% risk of failure)
Confirm with . or Enter, or press ? or * to list all spells.
You can't see any susceptible monsters within range! (Use Z to cast anyway.) It was a potion of invisibility.
You fade into invisibility!
* * * LOW HITPOINT WARNING * * *
You feel sick.
You are very lightly contaminated with residual magic.
Really quaff the potion of mutation?
You feel extremely strange.
Your vision blurs.
Your vision sharpens.
You feel resistant to hostile enchantments.
You die...

## ..# #.# #.# #.#
#.# #.# #.# #.# #.#
#.# #######.## ###
#.# #...>....#
.....##.####@#####..#
#.....))))# #..#
#.##.###### #..# #.#
#######..# ...
.........# ....
...#####.# .##.## #.#
## #.# ##.### #.#
#....##


There were no monsters in sight!

Vanquished Creatures
  3 orc wizards (D:3)
  4 adders
  An ooze (D:1)
  A worm (D:2)
  2 dart slugs
  A leopard gecko (D:1)
  8 orcs (D:3)
  A ball python (D:1)
  8 bats
  3 giant cockroaches
  5 goblins
  10 hobgoblins
  7 jackals
  4 kobolds
  2 quokkas
  4 frilled lizards
  6 rats
70 creatures vanquished.

Notes
Turn   | Place    | Note
-------+----------+-------------------------------------------
     0 | D:1      | mitkoXXVII the Formicid Earth Elementalist began the quest
                  | for the Orb.
     0 | D:1      | Reached XP level 1. HP: 13/13 MP: 3/3
   208 | D:1      | Reached XP level 2. HP: 20/20 MP: 5/5
   218 | D:1      | Learned a level 2 spell: Passwall
   323 | D:1      | Reached skill level 4 in Earth Magic
   503 | D:1      | Reached skill level 1 in Fighting
   712 | D:1      | Reached XP level 3. HP: 26/26 MP: 6/6
  1607 | D:2      | Reached XP level 4. HP: 11/33 MP: 5/7
  1808 | D:2      | Learned a level 3 spell: Stone Arrow
  1838 | D:2      | Found a faded altar of an unknown god.
  2371 | D:2      | Found a blossoming altar of Fedhas.
  2425 | D:2      | Reached skill level 1 in Short Blades
  2592 | D:3      | Reached XP level 5. HP: 21/39 MP: 3/8
  3481 | D:3      | HP: 1/41 [orc wizard/puff of flame (6)]
  3483 | D:3      | Reached XP level 6. HP: 6/47 MP: 7/10
  3486 | D:3      | HP: 1/47 [poisoned by an orc]
  3488 | D:3      | Gained mutation: Scrolls take you a little longer to read.
                  | [potion of mutation]
  3488 | D:3      | Lost mutation: Scrolls take you a little longer to read.
                  | [potion of mutation]
  3488 | D:3      | Gained mutation: You are resistant to hostile enchantments.
                  | (MR+) [potion of mutation]
  3488 | D:3      | Succumbed to an orc's poison

Skill      XL: |  1  2  3  4  5 |
---------------+----------------+-----
Earth Magic    | 4 |  4.9
Fighting       | 1 2 3 |  3.2
Short Blades   | 1 |  1.9
Spellcasting   | 3 |  3.1
Maces & Flails | |  0.6
Dodging        | |  1.7
Stealth        | |  2.4
Unarmed Combat | |  0.8
Transmutations | |  1.1

Action                   |  1- 3 |  4- 6 || total
-------------------------+-------+-------++-------
Melee: Unarmed           |    22 |       ||    22
       Mace              |    48 |       ||    48
       Short sword       |    42 |    83 ||   125
       Trident           |       |    91 ||    91
       Punch             |       |     1 ||     1
 Cast: Sandblast         |     5 |    14 ||    19
       Stone Arrow       |       |     3 ||     3
  Use: Scroll            |       |     3 ||     3
       Potion            |       |     5 ||     5
 Stab: Sleeping          |     1 |     2 ||     3
  Eat: Chunk             |     1 |     8 ||     9
Armor: Robe              |    19 |    49 ||    68
Dodge: Dodged            |    86 |   142 ||   228
